← All builds
Suicide front / Armada / Factory first / OBSERVED BUILD

Standard suicide front

Armada Suicide front build order · Supreme Isthmus

The role's baseline: Bot Lab at 0:21 then straight into reclaim-fed T1 bot production to contest the middle and hold until T2 arrives, with an Advanced Metal Extractor around 9:45.

#rush · 2010 distinct matches · 229 players · 72% of Armada Suicide front games · team won 59% of 2383 · Recently observed

HOW TO PLAY IT

Key timing: Bot Lab by 0:20

  1. Open with mex and lab-first to get Bot Lab up by 0:20.
  2. Expand mex and wind while lab pumps units toward middle.
  3. Push Sentry and early Rocketeer, Centurion to contest middle.
  4. Get T2 constructor out once Pond's boost lets you spare metal.
  5. Upgrade mex to Advanced Metal Extractor as you transition off T1 spam.

Phase by phase

TYPICAL OF ITS 2010 GAMES
  1. 1
  2. 2
  3. 3
PLAY THE OPENING

Follow the example game's first 6:00 step by step: what to build now, what comes next, and where it goes. At 1× it keeps pace with your own game.

  1. 1

    Bot Lab first

    Order
    1. Bot LabBot Lab done ~0:21, middle half 0:20–0:33

    Some games also: mex (44%)

  2. 2

    Bot Lab to 5:00

    Economy
    • Metal Extractor5Mex
    • Wind Turbine4Wind
    Builders
    • Construction Bot3 Con bot
    • Lazarus2 Lazarus
    Army
    • Sentry4 Sentry
    • Rocketeer16 Rocketeer
    • Tick2 Tick
    • Centurion1 Centurion
    Other
    • Radar Tower1 Radar Tower

    Some games also: pawn (38%) · con turret (34%)

    By 5:00 in all: 5 mex · 4 wind

    The example game in this phase · 40 steps
    1. LazarusLazarus
    2. Mex
    3. LazarusLazarus
    4. Construction BotCon bot
    5. PawnPawn ×2
    6. Mex
    7. PawnPawn ×8
    8. Construction BotCon bot
    9. Radar TowerRadar Tower
    10. Construction BotCon bot
    11. Mex
    12. RocketeerRocketeer ×2
    13. MaceMace
    14. RocketeerRocketeer
    15. SentrySentry
    16. RocketeerRocketeer
    17. MaceMace
    18. Mex
    19. Wind
    20. LazarusLazarus
    21. SentrySentry
    22. RocketeerRocketeer
    23. Wind
    24. RocketeerRocketeer
    25. MaceMace
    26. RocketeerRocketeer
    27. SentrySentry
    28. Wind
    29. RocketeerRocketeer
    30. MaceMace
    31. LazarusLazarus
    32. Construction BotCon bot
    33. Wind
    34. LazarusLazarus
    35. Construction BotCon bot
    36. Wind
    37. PawnPawn
    38. BeamerBeamer
    39. PawnPawn
    40. Wind
  3. 3

    5:00 to 10:00

    Economy
    • Metal Extractor1Mex
    • Wind Turbine15Wind
    Builders
    • Construction Turret2 Con turret
    • Lazarus2 Lazarus
    • Construction Bot1 Con bot
    Army
    • Sentry1 Sentry
    • Rocketeer8 Rocketeer

    Some games also: pawn (49%) · Radar Tower (46%) · tick (45%) · centurion (44%) · energy storage (43%) · eat Bot Lab (31%)

    By 10:00 in all: 6 mex · 21 wind · 1 energy storage · 2 con turret

    The example game in this phase · 98 steps
    1. PawnPawn
    2. Wind
    3. PawnPawn
    4. Mex
    5. PawnPawn
    6. Wind
    7. SentrySentry
    8. Construction BotCon bot
    9. Wind
    10. SentrySentry
    11. RocketeerRocketeer
    12. Con turret
    13. Wind
    14. SentrySentry
    15. RocketeerRocketeer
    16. Energy storage
    17. SentrySentry
    18. MaceMace
    19. RocketeerRocketeer
    20. Energy storage
    21. RocketeerRocketeer
    22. Wind ×2
    23. Converter
    24. MaceMace
    25. RocketeerRocketeer
    26. SentrySentry
    27. Converter
    28. Wind
    29. RocketeerRocketeer
    30. Converter
    31. MaceMace
    32. Wind
    33. Converter
    34. LazarusLazarus
    35. Wind
    36. Converter
    37. RocketeerRocketeer
    38. Wind
    39. RocketeerRocketeer
    40. Converter
    41. Wind
    42. MaceMace
    43. Construction BotCon bot ×2
    44. Wind
    45. Dragon's TeethDragon's Teeth ×2
    46. LazarusLazarus
    47. RocketeerRocketeer
    48. Con turret
    49. Wind
    50. RocketeerRocketeer
    51. Con turret
    52. MaceMace
    53. Advanced Metal ExtractorT2 mexdone 9:49 · typical 9:46
    54. Wind
    55. LazarusLazarus
    56. SentrySentry ×2
    57. Wind
    58. SentrySentry
    59. Wind
    60. Construction BotCon bot
    61. SentrySentry
    62. Advanced Metal ExtractorT2 mex
    63. Con turret
    64. Wind
    65. SentrySentry
    66. Wind
    67. Advanced Metal ExtractorT2 mex
    68. Con turret
    69. Wind
    70. Con turret
    71. Wind
    72. Con turret
    73. RattlesnakeRattlesnakedone 12:34
    74. Wind
    75. CenturionCenturion
    76. Wind
    77. LazarusLazarus
    78. Wind
    79. LazarusLazarus
    80. CenturionCenturion
    81. LazarusLazarus ×2
    82. CenturionCenturion
    83. LazarusLazarus
    84. Wind
    85. LazarusLazarus
    86. CenturionCenturion
    87. LazarusLazarus ×2
    88. CenturionCenturion
    89. Wind
    90. RattlesnakeRattlesnake
    91. Wind
    92. LazarusLazarus ×2
    93. CenturionCenturion
    94. Wind
    95. LazarusLazarus ×2
    96. CenturionCenturion
    97. Wind
    98. LazarusLazarus ×2

Counts are medians over the build's games: half of them build more, half fewer. The example game is NoobSlayer's (31 OS, 21/08/2026); pick another.

Team trades

IN AT LEAST 30% OF ITS GAMES

You hand over

Nothing regular.

You get

  • Tidal Generator4 Tidal from Pondfirst at 0:10 · in 68% of games
  • Advanced Construction Bot1 T2 con bot from Geo or Techfirst at 7:41 · in 57% of games

How it plays out

Typical game of this build, running totals by minute

Metal produced

010k20k
0:005:0010:0015:00

metal

Enemy metal destroyed

05k10k
0:005:0010:0015:00

metal

Own metal lost

05k10k
0:005:0010:0015:00

metal

2383 games.

Show as table
ByMetal produced: This buildEnemy metal destroyed: This buildOwn metal lost: This build
1:0023000
2:0088700
3:002009184130
4:003110645501
5:00418513571000
6:00534921831712
7:00653930512597
8:00776039393502
9:00904647004376
10:001041853145163
11:001189458585965
12:001360664076686
13:001540768797437
14:001729875058212
15:001926981098991
WHAT THE NUMBERS SAY

Standard Suicide front play wins a bit over half its games while taking the heaviest own losses of any role by 15:00.

  • + Produces 20142 metal by 15:00, highest of the front roles.
  • + First kill by 2:01 in all games, fastest contest of middle.
  • − Own metal lost hits 9178 by 15:00, more than enemy metal destroyed.
  • − Only 34% Rocketeer share shows army spread thin across many bot types.
THE EXAMPLE YOU ARE READING

NoobSlayer

31.0 OS · 21/08/2026

Open source match ↗

13 received units · includes a constructor
1182 metal received · 68399 energy received

Allied construction assistance is unknown. Timings are observations, not a promise of solo reproducibility.

Typical milestones

Bot Lab0:21Middle 50%: 0:20–0:33 · n=2375
Advanced Metal Extractor9:46Middle 50%: 8:50–10:58 · n=1723

Played most by

_X_262games of this buildPlatinumBlonde188games of this buildXad166games of this buildTrapCaT107games of this buildImmort80games of this build